General information
- name: BNet
- type: Ladder team game (AT/RT)
- host: Battle.net
- saver: 8===D~~^0^urmom
map: MarketSquare
- players: 8
- length: 18:07
- speed: Fast
- version: 1.28 W3XP
- replay type: Public
» download(113 KB)
Players
team 1 (loser)
MajorNewbs (
pink | 27 APM | 317 actions | 11:51)
1 Archmage
1 Summon Water Elemental
» actions
| Basic commands | 1 | |
| Build / train | 52 | |
| Enter build submenu | 15 | |
| Enter hero's abilities submenu | 2 | |
| Right click | 78 | |
| Select / deselect | 127 | |
| Use ability | 42 | |
317 total
» units
» upgrades
| Gunpowder | 3 | |
| Armor | 1 | |
| Flare | 1 | |
| Fragmentation Shards | 1 | |
6 total
» buildings
| Lumber Mill | 1 | |
| Farm | 8 | |
| Scout Tower | 1 | |
| Altar of Kings | 1 | |
| Arcane Tower | 1 | |
| Blacksmith | 1 | |
| Keep | 8 | |
| Castle | 1 | |
| Workshop | 3 | |
25 total
» build order
00:28 Lumber Mill
01:15 Farm
01:32 Scout Tower
01:55 Altar of Kings
02:01 Farm
02:04 Arcane Tower
02:41 Blacksmith
02:55 Keep
02:55 Keep
02:55 Keep
02:56 Keep
03:02 Farm
03:55 Farm
04:00 Farm
04:35 Farm
04:45 Farm
05:20 Castle
05:24 Workshop
05:30 Workshop
05:37 Workshop
10:59 Farm

»
Protogod (
red | 32 APM | 588 actions | 18:05)
4 Pandaren Brewmaster
2 Breath of Fire
1 Drunken Haze
1 Drunken Brawler
1 Blood Mage
1 Flame Strike
» actions
| Basic commands | 3 | |
| Build / train | 78 | |
| Enter build submenu | 25 | |
| Enter hero's abilities submenu | 5 | |
| Remove unit from queue | 4 | |
| Right click | 200 | |
| Select / deselect | 229 | |
| Use ability | 44 | |
588 total
» units
| Peasant | 11 | |
| Footman | 2 | |
| Rifleman | 14 | |
| Sorceress | 6 | |
| Flying Machine | 10 | |
| Priest | 1 | |
| Siege Engine | 1 | |
45 total
» upgrades
| Gunpowder | 3 | |
| Lumber Harvesting | 1 | |
| Priest Training | 1 | |
| Sorceress Training | 1 | |
| Swords | 0 | |
| Plating | 0 | |
| Masonry | 2 | |
| Barrage | 1 | |
| Armor | 1 | |
| Flak Cannons | 1 | |
| Flying Machine Bombs | 1 | |
12 total
» buildings
| Farm | 11 | |
| Altar of Kings | 1 | |
| Barracks | 2 | |
| Blacksmith | 1 | |
| Scout Tower | 5 | |
| Lumber Mill | 1 | |
| Arcane Tower | 1 | |
| Guard Tower | 3 | |
| Keep | 1 | |
| Arcane Sanctum | 1 | |
| Arcane Vault | 1 | |
| Castle | 1 | |
29 total
» build order
00:29 Farm
00:35 Altar of Kings
00:44 Barracks
01:15 Farm
01:21 Farm
01:46 Blacksmith
02:34 Farm
03:15 Farm
03:52 Scout Tower
03:57 Lumber Mill
04:35 Arcane Tower
04:43 Scout Tower
05:14 Farm
05:21 Guard Tower
05:40 Keep
06:05 Farm
08:19 Arcane Sanctum
08:24 Barracks
08:39 Arcane Vault
10:24 Scout Tower
10:43 Castle
11:41 Scout Tower
11:55 Farm
12:09 Guard Tower
12:21 Scout Tower
12:40 Farm
13:03 Guard Tower
14:53 Farm
15:52 Farm
» items
| Scroll of Town Portal | 2 | |
| Potion of Healing | 2 | |
4 total

»
eRickS0n_ (
green | 54 APM | 957 actions | 17:50)
4 Keeper of the Grove
2 Force of Nature
2 Entangling Roots
» actions
| Build / train | 62 | |
| Enter build submenu | 28 | |
| Enter hero's abilities submenu | 4 | |
| Give item / drop item | 1 | |
| Right click | 502 | |
| Select / deselect | 314 | |
| Use ability | 46 | |
957 total
» units
| Wisp | 12 | |
| Archer | 20 | |
| Hippogryph | 10 | |
| Gryphon Rider | 8 | |
| Chimaera | 2 | |
52 total
» upgrades
| Strength of the Moon | 1 | |
| Hippogryph Taming | 1 | |
2 total
» buildings
| Altar of Elders | 1 | |
| Moon Well | 6 | |
| Ancient of War | 1 | |
| Hunter's Hall | 1 | |
| Ancient Protector | 2 | |
| Tree of Ages | 1 | |
| Ancient of Wind | 1 | |
| Tree of Eternity | 1 | |
| Gryphon Aviary | 2 | |
| Chimaera Roost | 2 | |
| Farm | 7 | |
| Ancient of Wonders | 1 | |
26 total
» build order
00:12 Altar of Elders
00:15 Moon Well
01:07 Ancient of War
02:52 Moon Well
02:58 Hunter's Hall
03:59 Moon Well
04:04 Ancient Protector
04:18 Ancient Protector
05:53 Tree of Ages
06:25 Moon Well
07:26 Moon Well
08:27 Ancient of Wind
10:22 Tree of Eternity
10:40 Gryphon Aviary
10:42 Gryphon Aviary
12:58 Chimaera Roost
13:00 Chimaera Roost
13:30 Farm
13:32 Farm
13:37 Farm
13:39 Farm
13:56 Moon Well
14:05 Ancient of Wonders
14:14 Farm
14:21 Farm
14:25 Farm
» items

»
LSD! (
yellow | 69 APM | 640 actions | 09:14)
2 Blood Mage
1 Flame Strike
1 Siphon Mana
» actions
| Assign group hotkey | 13 | |
| Basic commands | 24 | |
| Build / train | 32 | |
| Enter build submenu | 19 | |
| Enter hero's abilities submenu | 2 | |
| Right click | 360 | |
| Select / deselect | 110 | |
| Select group hotkey | 45 | |
| Use ability | 35 | |
640 total
» units
| Peasant | 14 | |
| Sorceress | 1 | |
| Mortar Team | 4 | |
19 total
» upgrades
| Lumber Harvesting | 1 | |
| Sorceress Training | 1 | |
2 total
» buildings
| Farm | 6 | |
| Altar of Kings | 1 | |
| Lumber Mill | 1 | |
| Scout Tower | 6 | |
| Arcane Tower | 1 | |
| Guard Tower | 4 | |
| Keep | 1 | |
| Arcane Vault | 1 | |
| Blacksmith | 1 | |
| Arcane Sanctum | 1 | |
| Workshop | 2 | |
25 total
» build order
00:09 Farm
00:12 Altar of Kings
00:52 Lumber Mill
01:06 Scout Tower
01:19 Farm
01:34 Farm
01:36 Arcane Tower
01:57 Scout Tower
02:12 Scout Tower
02:28 Guard Tower
03:29 Guard Tower
03:35 Scout Tower
03:43 Keep
03:49 Arcane Vault
04:05 Guard Tower
04:28 Scout Tower
04:35 Scout Tower
04:38 Farm
05:23 Guard Tower
05:31 Blacksmith
06:11 Arcane Sanctum
06:40 Workshop
06:47 Workshop
07:46 Farm
09:10 Farm
» items
| Scroll of Regeneration | 1 | |
| Lesser Clarity Potion | 1 | |
2 total
team 2 (winner)

»
fumbler (
blue | 62 APM | 1128 actions | 18:06)
7 Goblin Tinker
3 Cluster Rockets
2 Pocket Factory
1 Robo-Goblin
1 Engineering Upgrade
» actions
| Assign group hotkey | 32 | |
| Basic commands | 14 | |
| Build / train | 60 | |
| ESC pressed | 1 | |
| Enter build submenu | 35 | |
| Enter hero's abilities submenu | 7 | |
| Right click | 494 | |
| Select / deselect | 339 | |
| Select group hotkey | 69 | |
| Use ability | 77 | |
1128 total
» units
| Wisp | 11 | |
| Huntress | 7 | |
| Assassin | 1 | |
| Rogue | 1 | |
| Hippogryph | 3 | |
| Archer | 5 | |
| Ghoul | 3 | |
| Crypt Fiend | 1 | |
| Faerie Dragon | 6 | |
38 total
» upgrades
| Sentinel | 1 | |
| Hippogryph Taming | 1 | |
| Improved Bows | 1 | |
| Marksmanship | 1 | |
| Cannibalize | 1 | |
| Unholy Strength | 1 | |
| Unholy Armor | 1 | |
| Strength of the Moon | 1 | |
| Moon Armor | 1 | |
9 total
» buildings
| Hunter's Hall | 1 | |
| Ancient of War | 1 | |
| Moon Well | 6 | |
| Altar of Elders | 1 | |
| Tree of Ages | 1 | |
| Tree of Eternity | 1 | |
| Ancient of Wind | 3 | |
| Crypt | 4 | |
| Ziggurat | 12 | |
| Necropolis | 1 | |
| Graveyard | 1 | |
| Altar of Darkness | 2 | |
| Ancient of Wonders | 1 | |
35 total
» build order
00:09 Hunter's Hall
00:37 Ancient of War
01:02 Moon Well
01:43 Moon Well
03:18 Altar of Elders
03:54 Moon Well
04:26 Tree of Ages
05:56 Moon Well
07:10 Tree of Eternity
08:17 Ancient of Wind
08:18 Ancient of Wind
09:54 Crypt
09:55 Crypt
09:56 Ziggurat
09:57 Ziggurat
09:57 Ziggurat
09:59 Ziggurat
10:00 Ziggurat
10:04 Ziggurat
10:04 Ziggurat
10:06 Ziggurat
10:14 Crypt
10:16 Crypt
10:49 Necropolis
10:53 Graveyard
12:01 Ziggurat
12:03 Ziggurat
12:04 Ziggurat
12:19 Altar of Darkness
12:21 Altar of Darkness
12:29 Ancient of Wonders
13:15 Ziggurat
14:55 Moon Well
14:56 Moon Well
15:52 Ancient of Wind
» items
| Circlet of Nobility | 1 | |
| Boots of Speed | 1 | |
2 total

»
AMORDENOCHE (
teal | 51 APM | 916 actions | 18:06)
4 Archmage
2 Blizzard
2 Brilliance Aura
2 Paladin
1 Holy Light
1 Divine Shield
» actions
| Assign group hotkey | 42 | |
| Basic commands | 23 | |
| Build / train | 68 | |
| Enter build submenu | 17 | |
| Enter hero's abilities submenu | 6 | |
| Remove unit from queue | 4 | |
| Right click | 297 | |
| Select / deselect | 200 | |
| Select group hotkey | 182 | |
| Use ability | 77 | |
916 total
» units
| Peasant | 12 | |
| Footman | 8 | |
| Dragonhawk Rider | 5 | |
| Crypt Fiend | 6 | |
| Gryphon Rider | 2 | |
| Knight | 2 | |
35 total
» upgrades
| Defend | 1 | |
| Storm Hammers | 1 | |
| Cloud | 1 | |
| Swords | 1 | |
| Armor | 1 | |
| Animal War Training | 1 | |
| Web | 1 | |
| Burrow | 1 | |
8 total
» buildings
| Altar of Kings | 1 | |
| Farm | 13 | |
| Barracks | 1 | |
| Arcane Vault | 1 | |
| Keep | 1 | |
| Blacksmith | 1 | |
| Scout Tower | 6 | |
| Arcane Tower | 1 | |
| Lumber Mill | 1 | |
| Gryphon Aviary | 2 | |
| Town Hall | 1 | |
| Castle | 1 | |
| Guard Tower | 1 | |
| Halls of the Dead | 1 | |
32 total
» build order
00:11 Altar of Kings
00:24 Farm
00:37 Barracks
01:01 Farm
01:46 Farm
02:26 Arcane Vault
02:29 Farm
03:39 Keep
04:01 Blacksmith
04:03 Farm
04:07 Scout Tower
04:47 Arcane Tower
04:51 Lumber Mill
06:11 Gryphon Aviary
06:15 Gryphon Aviary
09:36 Town Hall
10:52 Scout Tower
10:53 Scout Tower
10:53 Scout Tower
10:54 Scout Tower
10:54 Scout Tower
11:38 Castle
12:33 Guard Tower
13:45 Halls of the Dead
15:04 Farm
15:05 Farm
15:06 Farm
15:07 Farm
15:08 Farm
15:08 Farm
15:09 Farm
15:10 Farm
» items
| Scroll of Regeneration | 3 | |
| Lesser Clarity Potion | 2 | |
| Scroll of Town Portal | 1 | |
6 total
8===D~~^0^urmom (
purple | 65 APM | 1182 actions | 18:07)
8 Blademaster
3 Wind Walk
3 Critical Strike
1 Bladestorm
1 Mirror Image
» actions
| Assign group hotkey | 33 | |
| Basic commands | 9 | |
| Build / train | 60 | |
| Enter build submenu | 29 | |
| Enter hero's abilities submenu | 8 | |
| Remove unit from queue | 1 | |
| Right click | 554 | |
| Select / deselect | 239 | |
| Select group hotkey | 144 | |
| Use ability | 105 | |
1182 total
» units
| Peon | 16 | |
| Grunt | 4 | |
| Troll Batrider | 13 | |
| Troll Witch Doctor | 1 | |
34 total
» upgrades
| Liquid Fire | 1 | |
| Ranged Weapons | 2 | |
| Troll Regeneration | 1 | |
| Reinforced Defenses | 1 | |
| Armor | 2 | |
| Witch Doctor Training | 1 | |
8 total
» buildings
| Orc Burrow | 3 | |
| Altar of Storms | 1 | |
| Barracks | 1 | |
| Voodoo Lounge | 1 | |
| Stronghold | 1 | |
| War Mill | 2 | |
| Great Hall | 1 | |
| Watch Tower | 17 | |
| Fortress | 1 | |
| Beastiary | 2 | |
| Spirit Lodge | 1 | |
31 total
» build order
00:12 Orc Burrow
01:00 Orc Burrow
01:11 Altar of Storms
01:13 Barracks
02:01 Voodoo Lounge
02:54 Stronghold
03:55 War Mill
05:10 Great Hall
05:23 Watch Tower
05:23 Watch Tower
05:26 Watch Tower
05:27 Watch Tower
06:28 Orc Burrow
06:31 Watch Tower
06:31 Watch Tower
08:20 Fortress
08:25 Beastiary
08:26 Beastiary
10:19 Watch Tower
10:20 Watch Tower
13:55 War Mill
14:48 Spirit Lodge
16:17 Watch Tower
16:17 Watch Tower
16:18 Watch Tower
16:18 Watch Tower
16:19 Watch Tower
16:20 Watch Tower
16:21 Watch Tower
16:24 Watch Tower
16:25 Watch Tower
» items
| Healing Salve | 1 | |
| Scroll of Town Portal | 1 | |
| Orb of Lightning | 1 | |
| Potion of Healing | 1 | |
| Periapt of Vitality | 1 | |
| Potion of Lesser Invulnerability | 1 | |
6 total

»
jerk7 (
orange | 72 APM | 653 actions | 09:03)
3 Goblin Tinker
1 Pocket Factory
2 Engineering Upgrade
» actions
| Assign group hotkey | 91 | |
| Basic commands | 24 | |
| Build / train | 23 | |
| Enter build submenu | 8 | |
| Enter hero's abilities submenu | 3 | |
| Give item / drop item | 1 | |
| Right click | 202 | |
| Select / deselect | 76 | |
| Select group hotkey | 188 | |
| Use ability | 37 | |
653 total
» units
| Acolyte | 7 | |
| Ghoul | 3 | |
| Crypt Fiend | 4 | |
14 total
» buildings
| Crypt | 1 | |
| Ziggurat | 3 | |
| Graveyard | 1 | |
| Altar of Darkness | 1 | |
| Tomb of Relics | 1 | |
| Halls of the Dead | 1 | |
| Black Citadel | 1 | |
9 total
» build order
00:57 Crypt
01:00 Ziggurat
01:05 Graveyard
01:17 Ziggurat
01:41 Altar of Darkness
01:53 Tomb of Relics
02:50 Ziggurat
05:01 Halls of the Dead
07:50 Black Citadel
» items
| Rod of Necromancy | 1 | |
| Sacrificial Skull | 1 | |
| Circlet of Nobility | 1 | |
3 total
Chat log
(00:04 / Allies) AMORDENOCHE: pink always
(00:05 / Allies) jerk7: pink wil tech
(00:27 / Allies) jerk7: find the weak base
(00:30 / Allies) jerk7: anyone harrassing?>
(01:17 / All) eRickS0n_: gl with the fumbler
(01:19 / All) eRickS0n_: he trash
(01:26 / All) fumbler: oh
(01:30 / All) fumbler: 8th place talkin shit
(01:31 / All) Protogod: lol
(01:39 / All) eRickS0n_: i left early?
(01:49 / All) fumbler: 10 seconds early?
(01:56 / Allies) AMORDENOCHE: scout
(01:58 / Allies) AMORDENOCHE: okz?
(02:04 / All) eRickS0n_: mhmm
(02:12 / All) fumbler: so you left first?
(02:12 / All) eRickS0n_: i left 10 min early
(02:17 / All) eRickS0n_: and was the first base attaqcked
(02:24 / All) eRickS0n_: 30 min in the game u have 10 archers
(02:26 / All) eRickS0n_: and potm
(02:29 / All) eRickS0n_: cool bro
(02:30 / All) fumbler: \
(03:52 / Allies) AMORDENOCHE: hit or no?
(03:55 / Allies) fumbler: n
(04:05 / Allies) jerk7: sur eman i come in sec
(04:50 / Allies) jerk7: i would have teched
(04:53 / Allies) jerk7: we said rush
(05:10 / Allies) jerk7: okw e lost now
(05:12 / Allies) jerk7: waste your fuckin time
(05:18 / Allies) fumbler: were fine
(05:20 / Allies) fumbler: can hit now?
(05:29 / Allies) jerk7: bro he techs MORTS
(05:36 / Allies) AMORDENOCHE: make air
(05:43 / Allies) jerk7: wow ok gg
(05:58 / Allies) jerk7: im just creeping
(06:00 / Allies) jerk7: then leaving
(06:07 / Allies) fumbler: dont be that guy
(06:09 / Allies) jerk7: a fuckin BLATANT TECHER and u creep
(06:17 / Allies) jerk7: u 3 are fuckin it up not me
(06:28 / Allies) jerk7: fuckin KNOWING A GUY TEHCS MORTS and u dont hit?
(06:32 / Allies) fumbler: its market square
(06:36 / Allies) fumbler: u cant rush
(06:41 / Allies) jerk7: you cna moron
(06:47 / Allies) jerk7: and MORTS ASS RAPE ON THIS MAP gg
(06:54 / All) jerk7: ima fk
(07:00 / All) jerk7: team would rather creep tah rush"
(07:06 / Allies) jerk7: when we know MAJORNEWBS is teching
(07:12 / Allies) 8===D~~^0^urmom: you expoed lol
(07:16 / Allies) jerk7: when we know u haeva flat out techrer
(07:28 / Allies) jerk7: i had units and was ready to rush not my fault i can expo and RUSH
(08:01 / All) jerk7: THEERS TEH MOIRTS
(08:02 / All) jerk7: GG
(08:03 / All) jerk7: IM OUT
(08:09 / All) jerk7: GLAD U CREPT WITHA BM AND MASS GRUNTS
(08:10 / Allies) fumbler: were fine
(08:13 / All) jerk7: VS A WIDE OPEN PINK ABSE
(08:19 / All) jerk7: IF U SCOUTED LIEKW E SUGGESTED
(08:22 / All) LSD!: oj you sound noob as fuck stfu faggot
(08:25 / All) jerk7: INSTEAD U RATEHR CREEP GG
(08:40 / All) jerk7: pinsk been techign for ten years
(08:45 / All) jerk7: and my team rather creep than hit?
(08:57 / All) jerk7: MASS GRUNTS TO FUCKINC REEP?
(09:08 / All) 8===D~~^0^urmom: what a whiner lmao
(09:13 / Allies) 8===D~~^0^urmom: he unsummoned too
(09:23 / Allies) AMORDENOCHE: lol
(10:05 / Allies) 8===D~~^0^urmom: funny thing is we have huge advantage lmao
(10:07 / Allies) 8===D~~^0^urmom: what a fucking puyssy
(10:26 / Allies) AMORDENOCHE: re go
(10:33 / Allies) 8===D~~^0^urmom: someone rebuild orange?
(10:39 / Allies) 8===D~~^0^urmom: good job
(10:40 / Allies) AMORDENOCHE: i healp u
(10:48 / Allies) 8===D~~^0^urmom: I don't want lalw
(10:51 / Allies) 8===D~~^0^urmom: I'm lazy and ignored his ass
(11:09 / Allies) 8===D~~^0^urmom: I didn't get mask fo death because4 of new patch
(11:12 / Allies) 8===D~~^0^urmom: has like a fucking shutter step
(11:15 / Allies) 8===D~~^0^urmom: for issuing commands
(11:58 / All) Protogod: fucking christ
(12:02 / All) Protogod: this team sucks cock
(12:24 / Allies) 8===D~~^0^urmom: lawl
(12:27 / Allies) 8===D~~^0^urmom: I'm barely even playing
(12:56 / Allies) 8===D~~^0^urmom: need lumbers
(13:35 / Allies) AMORDENOCHE: take wood
(13:52 / Allies) AMORDENOCHE: u control?
(14:54 / Allies) 8===D~~^0^urmom: hook me up with lumber
(15:08 / Allies) 8===D~~^0^urmom: ty
(15:40 / Allies) 8===D~~^0^urmom: let's hit green
(15:45 / Allies) fumbler: meet mid
(15:46 / Allies) fumbler: ftw
(16:05 / Allies) 8===D~~^0^urmom: I'll bat his shit
(16:35 / Allies) AMORDENOCHE: hippo
(17:35 / All) 8===D~~^0^urmom: nice flame
(17:55 / Allies) 8===D~~^0^urmom: anyone got a healer lol
(18:01 / All) Protogod: fucking awful team
(18:02 / All) Protogod: gg
(18:04 / Allies) 8===D~~^0^urmom: hook my bm up with a heal when it gets there